 Dungeon Crawl Stone Soup version 0.32-a0-656-g3542139ebd (webtiles) character file.

Game seed: 17753013196647699942

105 hikkokomori the Chopper (level 4, -5/52 HPs)
             Began as a Coglin Berserker on Mar 9, 2024.
             Was a Believer of Trog.
             Slain by Sigmund
             ... wielding a +0 scythe
              (7 damage)
             ... on level 3 of the Dungeon.
             The game lasted 00:03:07 (1846 turns).

hikkokomori the Chopper (Coglin Berserker)          Turns: 1846, Time: 00:03:07

Health: -5/52      AC:  3    Str: 19    XL:     4   Next: 81%
Magic:  4/4        EV: 12    Int:  6    God:    Trog [**....]
Gold:   202        SH:  0    Dex: 14    Spells: 3/3 levels left

rFire   . . .        r - +0 broad axe {Hua}
rCold   . . .        g - +0 whip {Ahhotep}
rNeg    . . .        b - +0 animal skin
rPois   .            o - +0 helmet
rElec   .            (no cloak)
rCorr   .            (no gloves)
SInv    .            (no boots)
Will    .....        (amulet unavailable) Stlth
                     (ring unavailable)
HPRegen 0.28/turn    (ring unavailable)
MPRegen 0.09/turn    (no gizmo)

%: no passive effects
@: berserking, revved, very quick
A: off-hand wielding, slow wielding, warmup strikes, no jewellery
a: Invent Gizmo, Renounce Religion, Berserk, Trog's Hand


You were on level 3 of the Dungeon.
You worshipped Trog.
Trog was pleased with you.
You visited 1 branch of the dungeon, and saw 3 of its levels.

You collected 202 gold pieces.

Inventory:

Hand Weapons
 a - a +0 hand axe {Paramjit}
 g - a +0 whip (offhand) {Ahhotep}
 r - a +0 broad axe (weapon) {Hua}
Missiles
 h - 3 datura-tipped darts (quivered)
Armour
 b - a +0 animal skin (worn)
 o - a +0 helmet (worn)
Wands
 f - a wand of iceblast (5)
 p - a wand of mindburst (15)
Scrolls
 c - 3 scrolls of enchant weapon {unknown}
 e - 2 scrolls of fear {unknown}
 i - a scroll of immolation {unknown}
 k - 2 scrolls of identify {unknown}
 q - a scroll of teleportation {unknown}
Potions
 d - a potion of curing {unknown}
 j - a potion of cancellation {unknown}
 l - a potion of lignification {unknown}
 m - a potion of haste {unknown}
 n - a potion of might {unknown}


   Skills:
 - Level 3.2 Fighting
 + Level 4.1(4.4) Axes
 + Level 2.0(3.1) Maces & Flails
 - Level 2.1 Armour
 - Level 2.1 Dodging


You had 3 spell levels left.
You didn't know any spells.
Your spell library was empty.

Dungeon Overview and Level Annotations

Branches:
Dungeon (3/15)

Altars:

Annotations:
D:3 Sigmund


Innate Abilities, Weirdness & Mutations

You can wield a second weapon in your off-hand.
It takes a long time for you to wield or remove held weapons.
Your first few attacks do less damage.
You cannot equip rings or amulets.


Message History

You are too injured to fight recklessly!
You are too injured to fight recklessly!
You are too injured to fight recklessly!
You are too injured to fight recklessly!
There are monsters nearby!
Unknown command.
You hit the dart slug with your +0 whip.
The dart slug is lightly wounded.
You hit the dart slug with your +0 broad axe.
A magic dart appears from out of thin air!
The magic dart hits you.
The dart slug bites you but does no damage.
Unknown command.
You hit the dart slug with your +0 broad axe.
The dart slug is severely wounded.
You hit the dart slug with your +0 whip.
You kill the dart slug!
Trog accepts your kill. Something hits you!
A quokka comes into view.
Your base Maces & Flails skill increases to level 2!
Unknown command.
The rat attacks as it pursues you! The rat closely misses you.
Something hits you.
You miss something with your +0 broad axe.
You hit the rat but do no damage. You miss something with your +0 whip.
The rat bites you.
* * * LOW HITPOINT WARNING * * *
The quokka barely misses you. The rat bites you but does no damage.
You hear some strange, mumbled words.
A magic dart appears from out of thin air!
The magic dart hits you!
* * * LOW HITPOINT WARNING * * *
Unknown command.
A red film seems to cover your vision as you go berserk!
You feel yourself moving faster!
You feel mighty!
The quokka bites you but does no damage.
A quokka comes into view.
The rat closely misses you. Something hits you!
You die...

.# #.....# .#.# #..#.#
#.#.# #.#.# #.#.# #...##
#.#:# #....###########
#r#l##.##............
#.#)#.########......
#.#r.# #...... #@.##
#...... ......{r......#
#......
..............####.....†
........................
..##....................
# ###########.......)..
. .##........ ^.#
#........ ....#........


You could see 2 quokkas and a rat.

Vanquished Creatures
  5 adders
  2 dart slugs
  A ribbon worm (D:2)
  An orc (D:3)
  2 ball pythons
  4 bats
  3 endoplasms
  4 giant cockroaches
  3 goblins
  10 hobgoblins
  2 jackals (D:3)
  2 quokkas
  4 frilled lizards
  4 kobolds
  3 rats
50 creatures vanquished.

Notes
Turn   | Place    | Note
-------+----------+-------------------------------------------
     0 | D:1      | hikkokomori the Coglin Berserker began the quest for the
                  | Orb.
     0 | D:1      | Reached XP level 1. HP: 18/18 MP: 1/1
    99 | D:1      | Reached XP level 2. HP: 18/24 MP: 2/2
   441 | D:1      | Reached ** piety under Trog
   771 | D:2      | Reached XP level 3. HP: 21/29 MP: 3/3
   979 | D:2      | Reached skill level 1 in Maces & Flails
  1351 | D:2      | Reached XP level 4. HP: 27/35 MP: 4/4
  1723 | D:3      | Reached skill level 4 in Axes
  1837 | D:3      | Noticed Sigmund
  1845 | D:3      | HP: 1/35 [something/magic dart (9)]
  1846 | D:3      | Slain by Sigmund

Illustrated notes

Levels and vault maps discovered:
D:1:      minmay_arrival_up_and_down, layout_loops_ring
D:2:      layout_basic, minmay_octomino_e4
D:3:      layout_rooms, beargit_hepliaklqana_dungeon_heroes,
          lemuel_coloured_pillars_altar, minmay_circle_x, uniq_sigmund

Skill      XL: |  1  2  3  4 |
---------------+-------------+-----
Armour         | 2 |  2.1
Dodging        | 2 |  2.1
Maces & Flails | 1 2 |  2.0
Axes           | 4 |  4.1
Fighting       | |  3.2

Action                     |  1- 3 |  4- 6 || total
---------------------------+-------+-------++-------
  Melee: Hand axe          |    87 |    22 ||   109
         Dagger            |    35 |       ||    35
         Whip              |    43 |    32 ||    75
         Broad axe         |       |    12 ||    12
 Invoke: Berserk           |       |     1 ||     1
   Stab: Sleeping          |       |     1 ||     1
 Armour: Animal skin       |    49 |    28 ||    77
  Dodge: Dodged            |    62 |    31 ||    93

Table legend: (Time is in decaauts)
 A = Elapsed time spent in this place.
 B = Non-inter-level travel time spent in this place.
 C = Inter-level travel time spent in this place.
 D = Time resting spent in this place.
 E = Time spent auto-exploring this place.
 F = Levels seen in this place.
 G = Mean time per level.
                   A        B        C        D        E       F      G
               +--------+--------+--------+--------+--------+-----+--------+
         Total |   1855 |   1765 |     90 |      0 |   1406 |   3 |  618.3 |
       Dungeon |   1855 |   1765 |     90 |      0 |   1406 |   3 |  618.3 |
               +--------+--------+--------+--------+--------+-----+--------+

Top non-repeatable levels by time:
     D:2: 882 daAuts
     D:1: 676 daAuts
     D:3: 296 daAuts
